 Dungeon Crawl Stone Soup version 0.28-a0-503-g83f2989fac (webtiles) character file.

Game seed: 11531428314911260286

137 lunkers the Magician (level 5, -3/39 HPs)
             Began as a Djinni Earth Elementalist on Sept 20, 2021.
             Killed by nerve-wracking pain
             ... invoked by Grinder
              (4 damage)
             ... on level 3 of the Dungeon on Sept 21, 2021.
             The game lasted 00:07:04 (2988 turns).

lunkers the Magician (Djinni Earth Elementalist)    Turns: 2988, Time: 00:07:05

Health: -3/39      AC:  6    Str:  7    XL:     5   Next: 44%
Gold:   86         EV: 11    Int: 17    God:
                   SH:  0    Dex: 14

rFire   + + .      SeeInvis .   e - +0 short sword (venom)
rCold   x . .      Faith    .   (no shield)
rNeg    . . .      Spirit   .   i - +3 leather armour
rPois   ∞          Reflect  .   (no helmet)
rElec   .          Harm     .   (no cloak)
rCorr   .          Rampage  .   (no gloves)
Will    .....                   (boots unavailable)
Stlth   ++........              (no amulet)
HPRegen 0.13/turn               (no ring)
MPRegen 0.00/turn               (no ring)

@: flying, very slightly contaminated
A: sickness immunity, fire resistance 2, cold vulnerability 1, float, innate
caster, hp casting, extra vitality 1
a: no special abilities


You were on level 3 of the Dungeon.
You visited 1 branch of the dungeon, and saw 3 of its levels.

You collected 86 gold pieces.

Inventory:

Hand Weapons
 e - a +0 short sword of venom (weapon)
Missiles
 c - 64 stones
Armour
 i - a +3 leather armour (worn)
Scrolls
 a - a scroll of magic mapping {unknown}
 d - a scroll of acquirement {unknown}
 h - a scroll of teleportation {unknown}
 k - a scroll of immolation {unknown}
 m - a scroll of summoning {unknown}
Potions
 b - a potion of curing {unknown}
 f - a potion of heal wounds {unknown}
 g - a potion of flight {unknown}
 j - a potion of invisibility {unknown}
 l - a potion of magic {unknown}


   Skills:
 + Level 2.4 Fighting
 - Level 2.1 Dodging
 - Level 1.5 Stealth
 * Level 3.9 Spellcasting


You couldn't memorise any spells.
You knew the following spells:

 Your Spells              Type           Power      Damage    Failure   Level
a - Sandblast             Erth           32%        2d9       4%          1
b - Passwall              Tmut/Erth      13%        N/A       7%          2
c - Stone Arrow           Conj/Erth      32%        3d9       14%         3
d - Petrify               Tmut/Erth      16%        N/A       43%         4
e - Pain                  Necr           64%        1d7       4%          1
f - Call Imp              Summ           16%        N/A       7%          2
Your spell library was empty.

Dungeon Overview and Level Annotations

Branches:
Dungeon (3/15)

Altars:

Annotations:
D:3 Grinder


Innate Abilities, Weirdness & Mutations

You are immune to sickness and miasma.
You are immune to poison.
Your flesh is very heat resistant. (rF++)
You are vulnerable to cold. (rC-)
You float through the air rather than walking.
You learn spells naturally, not from books.
Your magical power is your life essence.
You have superior vitality. (+4 HP)


Message History

Aim: Grinder (moderately wounded, 77% to hit)
The blast of sand hits Grinder!
Grinder is heavily wounded.
* * * LOW HITPOINT WARNING * * *
Grinder hits you but does no damage.
Unknown command.
Unknown command.
Casting: Sandblast (safe; 4% risk of failure)
Confirm with . or Enter, or press ? or * to list all spells.
Aiming: Sandblast (safe; 4% risk of failure)
Press: ? - help, Shift-Dir - straight line, f/p - Grinder
Aim: Grinder (heavily wounded, 77% to hit)
The blast of sand hits Grinder.
Grinder is severely wounded.
* * * LOW HITPOINT WARNING * * *
Grinder gestures at you.
You suddenly lose the ability to move!
Grinder hits you but does no damage. Grinder hits you.
* * * LOW HITPOINT WARNING * * *
Grinder hits you!
* * * LOW HITPOINT WARNING * * *
You can move again.
Unknown command.
Casting: Sandblast (safe; 4% risk of failure)
Confirm with . or Enter, or press ? or * to list all spells.
Aiming: Sandblast (safe; 4% risk of failure)
Press: ? - help, Shift-Dir - straight line, f/p - Grinder
Aim: Grinder (severely wounded, 77% to hit)
You miscast Sandblast.
You are very lightly contaminated with residual magic.
Nothing appears to happen.
* * * LOW HITPOINT WARNING * * *
Grinder closely misses you.
Unknown command.
Unknown command.
Okay, then.
Grinder gestures at you. Pain shoots through your body!
You die...

############
#.......†5@#
#.##.##.##†.......
#.##.##†##########
.........#
.........######
...#.##........
.....#......###
..>..=..........
......#.#.######


You could see Grinder.

Vanquished Creatures
  An orc priest (D:2)
  Robin (D:2)
  An adder (D:2)
  A worm (D:3)
  3 dart slugs
  3 bats
  4 endoplasms
  3 giant cockroaches
  11 hobgoblins
  4 jackals (D:1)
  3 kobolds
  4 quokkas
  8 ball pythons
  4 frilled lizards
  16 goblins
  5 rats
72 creatures vanquished.

Notes
Turn   | Place    | Note
-------+----------+-------------------------------------------
     0 | D:1      | lunkers the Djinni Earth Elementalist began the quest for
                  | the Orb.
     0 | D:1      | Reached XP level 1. HP: 15/15 MP: 0/0
   115 | D:1      | Found a faded altar of an unknown god.
   177 | D:1      | Reached XP level 2. HP: 18/22 MP: 0/0
   415 | D:1      | Reached skill level 1 in Fighting
   592 | D:1      | Reached XP level 3. HP: 17/27 MP: 0/0
   592 | D:1      | Learned a level 1 spell: Pain
   597 | D:1      | Reached skill level 3 in Spellcasting
  1513 | D:2      | Noticed Robin
  1528 | D:1      | Reached XP level 4. HP: 8/32 MP: 0/0
  1764 | D:2      | Killed Robin
  2527 | D:2      | Reached XP level 5. HP: 34/38 MP: 0/0
  2527 | D:2      | Learned a level 2 spell: Call Imp
  2831 | D:3      | Noticed Grinder
  2926 | D:3      | Paralysed by Grinder for 7 turns
  2983 | D:3      | Paralysed by Grinder for 4 turns
  2988 | D:3      | Killed from afar by Grinder

Illustrated notes

Levels and vault maps discovered:
D:1:      amcnicky_arrival_wind_blow, layout_loops_corners,
          hellmonk_ecumenical_altar_zigzags, minmay_tromino_i4
D:2:      layout_basic, uniq_robin
D:3:      layout_loops_ring, dk_noncrumbling_3, uniq_grinder

Skill      XL: |  1  2  3  4 |
---------------+-------------+-----
Fighting       | 1 2 |  2.4
Spellcasting   | 3 |  3.9
Dodging        | |  2.1
Stealth        | |  1.5

Action                   |  1- 3 |  4- 6 || total
-------------------------+-------+-------++-------
Melee: Short sword       |    15 |    73 ||    88
 Cast: Sandblast         |    50 |    21 ||    71
 Stab: Sleeping          |     2 |     5 ||     7
Armor: Robe              |     4 |     4 ||     8
       Leather armour    |       |    22 ||    22
Dodge: Dodged            |    22 |    39 ||    61

Table legend: (Time is in decaauts)
 A = Elapsed time spent in this place.
 B = Non-inter-level travel time spent in this place.
 C = Inter-level travel time spent in this place.
 D = Time resting spent in this place.
 E = Time spent auto-exploring this place.
 F = Levels seen in this place.
 G = Mean time per level.
                   A        B        C        D        E       F      G
               +--------+--------+--------+--------+--------+-----+--------+
         Total |   2998 |   2912 |     86 |    465 |   1943 |   3 |  999.3 |
       Dungeon |   2998 |   2912 |     86 |    465 |   1943 |   3 |  999.3 |
               +--------+--------+--------+--------+--------+-----+--------+

Top non-repeatable levels by time:
     D:1: 1740 daAuts
     D:2: 1174 daAuts
     D:3: 83 daAuts
